 Dungeon Crawl Stone Soup version 0.27.0-1-g7a089689b8 (webtiles) character file.

Game seed: 16268518506291503312

72227 nxtlvl the Bludgeoner (level 15, -4/120 HPs)
             Began as a Human Gladiator on Aug 17, 2021.
             Was the Champion of Cheibriados.
             Slain by an ogre mage (12 damage)
             ... while paralysed by an ogre mage
             ... on level 13 of the Dungeon on Aug 18, 2021.
             The game lasted 02:26:05 (10080 turns).

nxtlvl the Bludgeoner (Human Gladiator)            Turns: 10080, Time: 02:26:06

Health: -4/120     AC: 12    Str: 36    XL:     15   Next: 85%
Magic:  21/21      EV:  2    Int: 29    God:    Cheibriados [******]
Gold:   1854       SH:  0    Dex: 34    Spells: 7/16 levels left

rFire    . . .     SeeInvis .   a - +10 morningstar "Eos" {elec, Halo rElec}
rCold    . . .     Faith    .   g - +0 buckler
rNeg     . . .     Spirit   .   d - +4 scale mail of the Boiling Point {Dex+4}
rPois    .         Reflect  .   c - +0 helmet
rElec    +         Harm     .   e - +0 cloak
rCorr    .         Rampage  .   (no gloves)
Will     +....     Clarity  +   (no boots)
Stlth    +.........             z - amulet of regeneration
HPRegen  1.30/turn              P - +4 ring of evasion
MPRegen  0.17/turn              O - +6 ring of strength

@: paralysed, glowing, very slow
A: clarity
a: Renounce Religion, Bend Time, Temporal Distortion, Slouch, Step From Time


You were on level 13 of the Dungeon.
You worshipped Cheibriados.
Cheibriados was exalted by your worship.
You visited 4 branches of the dungeon, and saw 22 of its levels.

You collected 1854 gold pieces.

Inventory:

Hand Weapons
 a - the +10 morningstar "Eos" (weapon) {elec, Halo rElec}
   (You found it on level 6 of the Dungeon)

   It occasionally discharges a powerful burst of electricity upon striking a
   foe.
   It grants its wielder a halo, increasing accuracy against those within it.
   rElec:     It insulates you from electricity.
 b - a +0 vorpal glaive
Missiles
 j - 2 javelins (quivered)
 B - 5 curare-tipped darts
 F - 54 sling bullets
 I - 6 throwing nets
 R - 9 boomerangs of dispersal
 S - 4 atropa-tipped darts
Armour
 c - a +0 helmet (worn)
 d - the +4 scale mail of the Boiling Point (worn) {Dex+4}
   (You found it on level 3 of the Lair of Beasts)

   Dex:       It affects your dexterity (+4).
 e - a +0 cloak (worn)
 g - a +0 buckler (worn)
 h - the +4 ring mail of Trumpets {rN++}
   (You found it on level 6 of the Dungeon)

   rN:        It greatly protects you from negative energy.
Jewellery
 k - a ring of protection from cold
 l - a ring of fire
 o - a +6 ring of dexterity
 p - a ring of magical power
 z - an amulet of regeneration (around neck)
 J - a ring of flight
 K - a ring of poison resistance
 O - a +6 ring of strength (right hand)
 P - a +4 ring of evasion (left hand)
Wands
 u - a wand of acid (1)
 C - a wand of charming (8)
 M - a wand of flame (50)
 T - a wand of digging (6)
 X - a wand of polymorph (6)
Scrolls
 f - a scroll of summoning
 q - a scroll of silence
 s - a scroll of holy word
 t - 2 scrolls of magic mapping {unknown}
 v - 4 scrolls of enchant armour
 y - a scroll of fog {unknown}
 A - 3 scrolls of fear {unknown}
 D - 3 scrolls of acquirement {unknown}
 E - 3 scrolls of teleportation
 G - 3 scrolls of enchant weapon
 H - a scroll of immolation {unknown}
 L - 2 scrolls of vulnerability
Potions
 i - 2 potions of mutation
 m - a potion of attraction
 n - a potion of lignification
 r - a potion of invisibility
 w - a potion of cancellation {unknown}
 x - 3 potions of heal wounds {unknown}
 N - 10 potions of curing
 Q - a potion of brilliance
 V - a potion of ambrosia {unknown}
 Z - a potion of magic {unknown}
Miscellaneous
 U - a box of beasts
 W - a tin of tremorstones (2/2)
 Y - a tin of tremorstones (2/2)


   Skills:
 + Level 11.6 Fighting
 - Level 16.0 Maces & Flails
 - Level 7.0 Polearms
 - Level 2.0 Throwing
 + Level 13.2 Dodging
 * Level 2.5 Shields
 - Level 1.0 Spellcasting
 + Level 4.6 Transmutations
 + Level 4.7 Fire Magic
 - Level 8.0 Invocations


You had 7 spell levels left.
You knew the following spells:

 Your Spells              Type           Power      Damage    Failure   Level
a - Wereblood             Tmut           28%        N/A       4%          2
q - Inner Flame           Hex/Fire       15%        N/A       24%         3
z - Foxfire               Conj/Fire      60%        2x1d7     9%          1
Z - Conjure Flame         Conj/Fire      15%        6-21      24%         3

Your spell library contained the following spells:

 Spells                   Type           Power      Damage    Failure   Level
 Beastly Appendage        Tmut           56%        N/A       3%          1
 Freeze                   Ice            4%         1d3       22%         1
 Magic Dart               Conj           4%         1d3       22%         1
 Shock                    Conj/Air       4%         1d3       22%         1
 Spider Form              Tmut/Pois      7%         N/A       26%         3
 Call Imp                 Summ           1%         N/A       32%         2
 Corpse Rot               Necr/Air       N/A        N/A       32%         2
 Frozen Ramparts          Ice            2%         1d2       54%         3
 Gell's Gravitas          Tloc           0%         N/A       54%         3
 Mephitic Cloud           Conj/Pois/Air  1%         N/A       54%         3
 Ozocubu's Armour         Ice            1%         N/A       54%         3
 Swiftness                Air            1%         N/A       54%         3
 Teleport Other           Tloc           1%         N/A       54%         3
 Airstrike                Air            0%         N/A       91%         4
 Dispel Undead            Necr           1%         3d6       91%         4
 Hailstorm                Conj/Ice       1%         3d3       91%         4
 Olgreb's Toxic Radiance  Pois           1%         N/A       91%         4
 Metabolic Englaciation   Hex/Ice        0%         N/A       99%         5
 Summon Forest            Summ/Tloc      0%         N/A       99%         5
 Summon Mana Viper        Hex/Summ       1%         N/A       99%         5
 Death Channel            Necr           0%         N/A       100%        6
 Dispersal                Tloc           0%         N/A       100%        6
 Shadow Creatures         Summ           N/A        N/A       100%        6
 Simulacrum               Ice/Necr       0%         N/A       100%        6
 Ozocubu's Refrigeration  Ice            0%         4d5       100%        7
 Ignition                 Fire           14%        3d6       100%        8


Dungeon Overview and Level Annotations

Branches:
Dungeon (13/15)            Temple (1/1) D:7            Lair (6/6) D:10
 Spider (0/4) Lair:4          Orc (2/2) D:10            Elf (0/3) Orc:2
  Swamp: Lair:2-4    Shoals: Lair:2-4     Slime: Lair:5-6    Vaults: D:13-14

Altars:
Ashenzari
Cheibriados
Dithmenos
Fedhas
Gozag
Hepliaklqana
Kikubaaqudgha
Makhleb
Nemelex Xobeh
Okawaru
Qazlal
Ru
Sif Muna
Trog
Uskayaw
Vehumet
Wu Jian
Xom
Yredelemnul
Zin
The Shining One
Beogh

Shops:
D:5 =*[**   D:10 =   Orc:2 =[=(

Annotations:
D:3 Grinder
D:4 Edmund
D:5 exclusion: upstairs
D:6 exclusion: upstairs
D:8 Erica
Lair:2 exclusion: oklob plant
Lair:6 exclusion: 2 oklob plants


Innate Abilities, Weirdness & Mutations

You possess an exceptional clarity of mind.


Message History

The ogre mage casts a spell at you.
You suddenly lose the ability to move!
The vault guard hits you with a +0 war axe.
The ogre mage hits you but does no damage. x2
The vault guard hits you with a +0 war axe!
The ogre mage hits you but does no damage.
The human unwields a +0 arbalest.
The human wields a +0 short sword.
The human hits you with a +0 short sword.
The ogre mage hits you from afar with a +0 spear.
The ogre mage points at the ogre mage and mumbles some strange words.
The ogre mage seems to speed up.
The vault guard hits you with a +0 war axe!
The ogre mage hits you but does no damage.
The ogre mage hits you with a +0 flail. The human hits you but does no damage.
The vault guard hits you with a +0 war axe!
The ogre mage hits you from afar with a +0 spear.
The ogre mage hits you with a +0 flail!
The human hits you with a +0 short sword.
The ogre mage hits you from afar with a +0 spear.
The ogre mage hits you with a +0 flail.
* * * LOW HITPOINT WARNING * * *
The vault guard hits you with a +0 war axe!
* * * LOW HITPOINT WARNING * * *
The ogre mage barely misses you.
The ogre mage hits you but does no damage.
The human hits you but does no damage.
The vault guard hits you but does no damage.
The ogre mage hits you from afar with a +0 spear!
* * * LOW HITPOINT WARNING * * *
The ogre mage casts a spell.
The ogre mage flickers and vanishes for a moment.
The human barely misses you.
The ogre mage hits you from afar with a +0 spear.
* * * LOW HITPOINT WARNING * * *
The ogre mage hits you but does no damage.
The vault guard hits you but does no damage.
The ogre mage hits you from afar with a +0 spear.
* * * LOW HITPOINT WARNING * * *
The ogre mage hits you with a +0 flail!
You die... #### #### ... ... ....... ..... #.#.# #O..# ..# #ppO#

...# . #.@.# #...# ..
####.p###'''###p[####..
#.≈≈≈≈≈≈≈...≈≈≈≈≈≈≈...
#.≈≈≈≈≈≈≈...≈≈≈≈≈≈≈.#
#.≈≈≈≈≈≈...≈≈≈≈≈≈.#
#..≈≈≈≈.....≈≈≈≈.###
####..................#
...............(#....##
..............###)>..#


You could see a vault guard, 2 ogre magi and a human.

Vanquished Creatures
  2 orc warlords
  Snorg (D:12)
  5 boulder beetles
  Erolcha (D:13)
  7 hydras
  A merfolk avatar (Lair:6)
  2 two-headed ogres
  A centaur warrior (D:13)
  11 death yaks
  8 orc high priests
  Sonja (Orc:1)
  A sea snake (Lair:6)
  A fire crab (Lair:5)
  Pikel (D:8)
  A harpy (Lair:6)
  A necromancer (Lair:5)
  2 cyclopes
  4 manticores
  3 orc sorcerers (Orc:2)
  An oklob plant (D:10)
  An ugly thing (D:12)
  7 elephants
  6 black mambas
  Maurice (Orc:1)
  Psyche (D:8)
  21 cane toads
  3 rime drakes
  12 komodo dragons
  4 polar bears
  A queen bee (shapeshifter) (D:13)
  A troll (Orc:1)
  The ghost of Drazool the Pure, a novice FeAK of Lugonu (D:7)
  12 blink frogs
  2 wind drakes (Lair:6)
  3 slime creatures (D:13)
  13 dream sheep
  A redback (Lair:4)
  20 yaks
  9 basilisks
  4 wyverns
  4 vampire mosquitoes (D:13)
  Menkaure (D:6)
  2 steam dragons (Lair:6)
  8 wargs (Orc:2)
  10 water moccasins
  21 orc warriors
  3 sky beasts (D:6)
  A black bear (D:6)
  A necrophage (D:4)
  A tengu (D:13)
  14 wolves
  10 ogres
  2 centaurs
  A lemure (D:8)
  A phantom (D:5)
  2 kobold brigands
  A gnoll sergeant (D:10)
  8 bullfrogs
  4 scorpions
  6 killer bees
  5 wights (D:9)
  2 howler monkeys
  3 electric eels (Lair:5)
  4 centaur zombies
  A hound (D:6)
  4 jellies
  35 orc priests
  2 gnoll shamans
  A bullfrog skeleton (D:7)
  5 centaur skeletons
  4 iguanas
  17 orc wizards
  Natasha (D:6)
  6 polar bear simulacra (Lair:5)
  2 yak simulacra (Lair:5)
  7 hell rats (Lair:5)
  2 killer bee zombies
  A wolf simulacrum (Lair:5)
  A centaur simulacrum (D:7)
  A spectral howler monkey (D:7)
  Robin (D:3)
  A howler monkey zombie (D:6)
  6 adders
  6 gnolls (D:10)
  A shadow imp (D:7)
  A white imp (D:7)
  A worm (D:4)
  92 orcs
  2 endoplasms
  A giant cockroach (D:2)
  9 goblins
  3 hobgoblins
  5 jackals
  13 kobolds
  3 quokkas
  3 ball pythons
  2 bats
  2 rats
  2 river rat simulacra (Lair:5)
537 creatures vanquished.

Vanquished Creatures (others)
  21 fungi
  76 plants
97 creatures vanquished.

Grand Total: 634 creatures vanquished

Notes
Turn   | Place    | Note
-------+----------+-------------------------------------------
     0 | D:1      | nxtlvl the Human Gladiator began the quest for the Orb.
     0 | D:1      | Reached XP level 1. HP: 16/16 MP: 1/1
   270 | D:2      | Reached XP level 2. HP: 16/22 MP: 2/2
   423 | D:3      | Noticed Natasha
   429 | D:3      | Reached XP level 3. HP: 19/27 MP: 3/3
   506 | D:3      | Noticed Robin
   517 | D:3      | Killed Robin
   518 | D:3      | Reached XP level 4. HP: 33/33 MP: 4/4
   601 | D:3      | Found a faded altar of an unknown god.
   748 | D:3      | Reached skill level 5 in Polearms
   767 | D:3      | Reached XP level 5. HP: 25/38 MP: 5/5
   953 | D:4      | Noticed Edmund
   973 | D:5      | Entered Level 5 of the Dungeon
   979 | D:5      | Found Edwoces's Jewellery Shop.
   981 | D:5      | Noticed a phantom
  1039 | D:5      | Killed a phantom
  1040 | D:5      | Reached XP level 6. HP: 28/44 MP: 6/6
  1172 | D:5      | Found Vetuziqi's Assorted Antiques.
  1192 | D:5      | Noticed an ogre
  1208 | D:6      | Found a hazy altar of Hepliaklqana.
  1208 | D:6      | Found the +10 morningstar "Eos" {elec, Halo rElec}
  1214 | D:6      | Found a hide-covered altar of Uskayaw.
  1215 | D:6      | Found a stormy altar of Qazlal.
  1320 | D:5      | Reached skill level 1 in Maces & Flails
  1332 | D:5      | Found Otithrikh's General Store.
  1375 | D:4      | Noticed a necrophage
  1376 | D:4      | Noticed an ogre
  1481 | D:4      | Reached XP level 7. HP: 43/50 MP: 7/7
  1514 | D:3      | Noticed Grinder
  1572 | D:4      | Reached skill level 3 in Maces & Flails
  1725 | D:4      | Found a broken altar of Ashenzari.
  1792 | D:4      | Reached skill level 4 in Maces & Flails
  1857 | D:5      | Found Kinloqug's General Store.
  1964 | D:5      | Reached skill level 5 in Maces & Flails
  1964 | D:5      | Reached XP level 8. HP: 55/56 MP: 8/8
  2040 | D:5      | Reached skill level 6 in Maces & Flails
  2046 | D:5      | Found Okhlem's Antique Armour Emporium.
  2158 | D:6      | Reached skill level 7 in Maces & Flails
  2206 | D:6      | Noticed Menkaure
  2217 | D:6      | Killed Menkaure
  2234 | D:6      | Found an iron altar of Okawaru.
  2238 | D:6      | Reached skill level 8 in Maces & Flails
  2238 | D:6      | Reached XP level 9. HP: 42/61 MP: 9/9
  2406 | D:6      | Reached skill level 9 in Maces & Flails
  2434 | D:6      | Identified the +4 ring mail of Trumpets {rN++}
  2509 | D:6      | Killed Natasha
  2639 | D:7      | Reached skill level 10 in Maces & Flails
  2681 | D:7      | Found a runed translucent gate.
  2681 | D:7      | Found a runed translucent gate.
  2681 | D:7      | Found a runed translucent gate.
  2688 | D:7      | Noticed Drazool's ghost (novice FeAK)
  2701 | D:7      | Killed Drazool's ghost
  2765 | D:7      | Found a staircase to the Ecumenical Temple.
  2792 | Temple   | Entered the Ecumenical Temple
  2861 | Temple   | Became a worshipper of Cheibriados the Contemplative
  3015 | D:8      | Reached skill level 1 in Invocations
  3015 | D:8      | Reached XP level 10. HP: 63/68 MP: 10/10
  3018 | D:8      | Reached skill level 11 in Maces & Flails
  3248 | D:8      | Noticed Pikel
  3261 | D:8      | Killed Pikel
  3274 | D:8      | Noticed Psyche
  3274 | D:8      | Noticed Erica
  3290 | D:8      | Killed Psyche
  3406 | D:9      | Reached * piety under Cheibriados
  3737 | D:10     | Entered Level 10 of the Dungeon
  3917 | D:10     | Reached ** piety under Cheibriados
  3992 | D:10     | Found a staircase to the Orcish Mines.
  4030 | D:10     | Found Fuxunkos's Jewellery Shop.
  4050 | D:10     | Reached skill level 5 in Dodging
  4056 | D:10     | Reached skill level 12 in Maces & Flails
  4094 | D:10     | Found a staircase to the Lair.
  4094 | D:10     | Noticed an oklob plant
  4117 | D:10     | Noticed a manticore
  4256 | D:10     | Killed an oklob plant
  4257 | D:10     | Reached XP level 11. HP: 78/78 MP: 14/14
  4276 | D:10     | Noticed a two-headed ogre
  4281 | D:10     | Killed a two-headed ogre
  4282 | D:10     | Reached skill level 5 in Fighting
  4348 | D:10     | Reached skill level 5 in Invocations
  4406 | Lair:1   | Entered Level 1 of the Lair of Beasts
  4818 | Lair:2   | Noticed a seven-headed hydra
  4828 | Lair:2   | Noticed a six-headed hydra
  4832 | Lair:2   | Reached *** piety under Cheibriados
  4836 | Lair:2   | Gained mutation: You possess an exceptional clarity of
                  | mind. [potion of mutation]
  4841 | Lair:2   | Killed a six-headed hydra
  4858 | Lair:2   | Reached skill level 13 in Maces & Flails
  5117 | Lair:2   | Reached XP level 12. HP: 47/89 MP: 14/16
  5841 | Lair:3   | Reached **** piety under Cheibriados
  5970 | Lair:3   | Reached skill level 14 in Maces & Flails
  5991 | Lair:3   | Noticed a death yak
  5991 | Lair:3   | Noticed a death yak
  5994 | Lair:3   | Noticed a death yak
  5999 | Lair:3   | Noticed a death yak
  6000 | Lair:3   | Noticed a death yak
  6004 | Lair:3   | Killed a death yak
  6375 | Lair:3   | Identified the +4 scale mail of the Boiling Point {Dex+4}
  6639 | Lair:4   | Reached XP level 13. HP: 92/98 MP: 17/17
  6648 | Lair:4   | Reached ***** piety under Cheibriados
  6685 | Lair:4   | Noticed a boulder beetle
  6696 | Lair:4   | Killed a boulder beetle
  6852 | Lair:4   | Noticed a boulder beetle
  6872 | Lair:4   | Killed a boulder beetle
  6961 | Lair:4   | Found a hole to the Spider Nest.
  7010 | Lair:6   | Entered Level 6 of the Lair of Beasts
  7010 | Lair:6   | Noticed a seven-headed hydra
  7129 | Lair:5   | Reached skill level 15 in Maces & Flails
  7266 | Lair:6   | Noticed a four-headed hydra
  7366 | Lair:6   | Killed a seven-headed hydra
  7370 | Lair:6   | Noticed an eight-headed hydra
  7491 | Lair:6   | Killed a four-headed hydra
  7655 | Lair:6   | Reached XP level 14. HP: 89/108 MP: 20/20
  7690 | Lair:6   | Reached skill level 16 in Maces & Flails
  7692 | Lair:6   | Reached skill level 10 in Dodging
  7706 | Lair:6   | Reached skill level 10 in Fighting
  7953 | Lair:5   | Learned a level 2 spell: Wereblood
  7955 | Lair:5   | Learned a level 1 spell: Foxfire
  7959 | Lair:5   | Learned a level 3 spell: Conjure Flame
  7963 | Lair:5   | Learned a level 3 spell: Inner Flame
  8269 | Lair:6   | Reached skill level 1 in Transmutations
  8269 | Lair:6   | Reached skill level 1 in Fire Magic
  8488 | D:10     | Reached XP level 15. HP: 90/117 MP: 21/21
  8552 | Orc:1    | Entered Level 1 of the Orcish Mines
  8552 | Orc:1    | Found a radiant altar of Vehumet.
  8555 | Orc:2    | Entered Level 2 of the Orcish Mines
  8582 | Orc:1    | Noticed Sonja
  8597 | Orc:1    | Killed Sonja
  8687 | Orc:1    | Noticed Maurice
  8695 | Orc:1    | Killed Maurice
  8810 | Orc:2    | Noticed an orc warlord
  8849 | Orc:1    | Killed an orc warlord
  8970 | Orc:2    | Found a staircase to the Elven Halls.
  9227 | Orc:2    | Reached ****** piety under Cheibriados
  9321 | Orc:2    | Found Fouthraza's Armour Emporium.
  9321 | Orc:2    | Found Teudoem's Jewellery Boutique.
  9387 | Orc:2    | Found Cosaijun's Weapon Emporium.
  9387 | Orc:2    | Found Reqeshra's Jewellery Boutique.
  9575 | Orc:2    | Noticed an orc warlord
  9589 | Orc:2    | Killed an orc warlord
  9590 | Orc:2    | Reached skill level 1 in Spellcasting
  9728 | D:12     | Noticed Snorg
  9737 | D:12     | Killed Snorg
  9897 | D:13     | Reached skill level 1 in Shields
 10008 | D:13     | Noticed Erolcha
 10016 | D:13     | Killed Erolcha
 10073 | D:13     | Paralysed by an ogre mage for 7 turns
 10080 | D:13     | Slain by an ogre mage

Illustrated notes

Levels and vault maps discovered:
D:1:      amcnicky_arrival_blooded_trapdoor, layout_rooms, serial_forest,
          infiniplex_forest_straight_4, infiniplex_forest_corner_1,
          infiniplex_forest_diagonal, infiniplex_forest_end_2,
          infiniplex_forest_end_1, infiniplex_forest_lined_1,
          infiniplex_forest_corner_2, infiniplex_forest_clump_double,
          minmay_crystal_water, chequers_serial_rivers_small_3,
          nrook_loot_triangle
D:2:      minmay_wonky_spiral, layout_basic
D:3:      layout_rooms, ebering_ecumenical_altar_hall,
          kennysheep_generic_room_9, uniq_natasha, uniq_grinder, uniq_sigmund,
          uniq_robin
D:4:      layout_basic, ashenzari_conservatory_becter, minmay_divided_ellipse,
          uniq_edmund
D:5:      layout_basic, serial_shops, nicolae_shop_trees, shop,
          nicolae_shop_temple_entry_statues_fountains, nicolae_shop_trees, shop,
          grunt_decor_cap
D:6:      layout_loops_cross, okawaru_gym_becter, grunt_temple_overflow_open,
          uniq_menkaure
D:7:      minmay_s_stair_smasher, layout_basic, lemuel_coloured_pillars_altar,
          minmay_temple_entry_waves, gammafunk_ghost_necromancy
D:8:      layout_basic, uniq_erica, uniq_psyche, uniq_pikel
D:9:      layout_big_octagon, supply_closet_lemuel
D:10:     layout_roguey, dpeg_oklobed_lair, david_orc_5, serial_shops,
          nicolae_shop_statue_plus
D:11:     layout_loops_ring, special_room [special_room_kobold],
          kennysheep_pointless_box
D:12:     layout_basic, st_stairs_1, uniq_rupert, uniq_snorg, uniq_fannar
D:13:     layout_cave_pools, grunt_vaults_entry_fortified, minmay_door_square,
          uniq_erolcha
Temple:   eino_temple_rhombus
Lair:1:   layout_gridlike, minivault_23, grunt_megastairs_2,
          serial_bayou_shore_b
Lair:2:   layout_hall_layers, st_stairs_10, nzn_random_ring, grunt_megastairs_1,
          infiniplex_staircase_pool_2
Lair:3:   layout_cave_pods, grunt_megastairs_3
Lair:4:   layout_regular_city, palyth_hydra_swamp_entry,
          nicolae_spider_entry_tight_spaces, gammafunk_ghost_berserking_beasts,
          infiniplex_staircase_pool
Lair:5:   layout_loops_ring, eino_house_with_fridge, serial_bayou_shore_a
Lair:6:   gammafunk_lair_ancient_temple, layout_misc_corridors,
          minmay_slime_entry_oklob_open
Orc:1:    layout_caves, basic_altar, uniq_sonja, uniq_maurice
Orc:2:    st_orc_town, layout_caves

Skill      XL: |  1  2  3  4  5  6  7  8  9 10 11 12 13 14 15 |
---------------+----------------------------------------------+-----
Polearms       | 4 5 6 7 |  7.0
Maces & Flails | 1 5 8 10 12 13 14 15 16 | 16.0
Invocations    | 1 4 6 8 |  8.0
Fighting       | 4 6 8 9 10 11 | 11.6
Dodging        | 5 6 8 9 12 13 | 13.2
Transmutations | 1 4 |  4.6
Fire Magic     | 1 4 |  4.7
Spellcasting   | 1 |  1.0
Shields        | 2 |  2.5
Throwing       | |  2.0

Action                   |  1- 3 |  4- 6 |  7- 9 | 10-12 | 13-15 || total
-------------------------+-------+-------+-------+-------+-------++-------
Melee: Trident           |    42 |   107 |       |       |       ||   149
       Morningstar       |       |    17 |   129 |   340 |   603 ||  1089
 Fire: Hunting sling     |    12 |     6 |       |       |       ||    18
Throw: Dart              |    11 |    10 |    39 |     4 |    10 ||    74
 Cast: Wereblood         |       |       |       |       |     4 ||     4
Invok: Slouch            |       |       |       |       |     7 ||     7
       Temporal Distorti |       |       |       |       |     4 ||     4
Evoke: Wand              |       |       |       |     5 |    31 ||    36
  Use: Potion            |       |     3 |     2 |     7 |       ||    12
       Scroll            |       |       |     4 |    12 |     2 ||    18
Armor: Ring mail         |    19 |    13 |     7 |    16 |       ||    55
       Chain mail        |       |    38 |    26 |    73 |       ||   137
       Skin              |       |       |       |     6 |       ||     6
       Scale mail        |       |       |       |     4 |    85 ||    89
Dodge: Dodged            |    18 |    64 |    42 |   187 |   466 ||   777
Block: Buckler           |       |       |       |       |    15 ||    15
